 Dungeon Crawl Stone Soup version 0.28.0-1-gb440e238dd (webtiles) character file.

Game seed: 9895954043152776864

860 p0werm0de the Skirmisher (level 7, -1/59 HPs)
             Began as a Palentonga Brigand on Feb 20, 2022.
             Slain by a naga (26 damage)
             ... on level 5 of the Dungeon.
             The game lasted 00:03:30 (5893 turns).

p0werm0de the Skirmisher (Palentonga Brigand)       Turns: 5893, Time: 00:03:31

Health: -1/59      AC: 16    Str: 17    XL:     7   Next: 71%
Magic:  7/7        EV:  2    Int: 11    God:
Gold:   197        SH:  0    Dex: 11    Spells: 6/6 levels left

rFire   . . .      SeeInvis +   a - +2 dagger
rCold   . . .      Faith    .   (no shield)
rNeg    . . .      Spirit   .   g - +0 chain mail
rPois   .          Reflect  .   (no helmet)
rElec   .          Harm     .   c - +0 cloak
rCorr   .          Rampage  .   (no gloves)
Will    .....      Rage     1%  (no barding)
Stlth   ..........              (no amulet)
HPRegen 0.19/turn               (no ring)
MPRegen 0.10/turn               (no ring)

@: lethally poisoned (-1 -> -7), constricted, curled up
A: large, rugged brown scales 3, see invisible, deformed body, roll 1, armoured
tail, reflexive curl, berserk 1
a: Rolling Charge


You were on level 5 of the Dungeon.
You visited 1 branch of the dungeon, and saw 5 of its levels.

You collected 197 gold pieces.

Inventory:

Hand Weapons
 a - a +2 dagger (weapon)
 b - a +0 battleaxe
   (You took it off Blork the orc on level 4 of the Dungeon)
Missiles
 d - 12 poisoned darts
 e - 4 curare-tipped darts (quivered)
Armour
 c - a +0 cloak (worn)
 g - a +0 chain mail (worn)
   (You took it off an orc on level 3 of the Dungeon)
Wands
 k - a wand of polymorph (1)
   (You took it off Ijyb on level 4 of the Dungeon)
Scrolls
 f - 2 scrolls of amnesia
 n - a scroll of magic mapping
 r - 5 scrolls of identify
 t - 3 scrolls of teleportation
Potions
 h - 2 potions of haste
 i - a potion of invisibility
 j - a potion of attraction {unknown}
 l - a potion of lignification {unknown}
 m - a potion of berserk rage {unknown}
 o - a potion of might {unknown}


   Skills:
 * Level 5.3 Fighting
 - Level 2.0 Short Blades
 * Level 1.5 Axes
 - Level 1.3 Throwing
 * Level 4.0 Armour
 + Level 2.8 Dodging
 - Level 2.6 Stealth
 * Level 2.5 Evocations


You had 6 spell levels left.
You didn't know any spells.
Your spell library contained the following spells:

 Spells                   Type           Power      Damage    Failure   Level
 Animate Skeleton         Necr           0%         N/A       99%         1
 Apportation              Tloc           0%         N/A       99%         1
 Pain                     Necr           0%         1d4       99%         1
 Summon Small Mammal      Summ           0%         N/A       99%         1
 Gell's Gravitas          Tloc           0%         N/A       100%        3
 Summon Guardian Golem    Hex/Summ       0%         N/A       100%        3
 Teleport Other           Tloc           0%         N/A       100%        3
 Vampiric Draining        Necr           0%         2d6       100%        3
 Fireball                 Conj/Fire      0%         3d3       100%        5
 Iskenderun's Battlesphe  Conj           0%         2d6       100%        5
 Conjure Ball Lightning   Conj/Air       0%         3x3d6     100%        6
 Dispersal                Tloc           0%         N/A       100%        6
 Orb of Destruction       Conj           0%         9d5       100%        7
 Spellforged Servitor     Conj/Summ      0%         N/A       100%        7


Dungeon Overview and Level Annotations

Branches:
Dungeon (5/15)
 Temple: D:4-7

Altars:
Dithmenos
Sif Muna
Trog


Innate Abilities, Weirdness & Mutations

You are completely covered in rugged brown scales. (AC +3, +7% HP)
You have supernaturally acute eyesight. (SInv)
Armour fits poorly on your strangely shaped body.
You can roll at nearby foes to attack.
You have a long armoured tail.
You curl defensively after being hit. (AC +7*)
You tend to lose your temper in combat.


Message History

No target in view!
No target in view!
o - a brown potion
There is a stone staircase leading up, spattered with blood here.
The naga shouts!
The naga spits poison at you. The splash of poison hits you.
You are poisoned.
A quokka comes into view.
There are monsters nearby!
You feel sick.
There are monsters nearby!
You feel sick. The naga spits poison at you.
The splash of poison hits you but does no damage.
You are more poisoned.
You feel sick.
You closely miss the naga. You tail-slap the naga.
The naga is lightly wounded.
You feel sick.
You hit the naga. You tail-slap the naga.
The naga is lightly wounded.
You feel sick.
The quokka bites you but does no damage.
The naga spits poison at you. The splash of poison hits you.
You are more poisoned.
You closely miss the naga. You tail-slap the naga.
The naga is lightly wounded.
You feel sick.
The quokka bites you but does no damage.
The orc hits you with a +0 dagger. The naga hits you with a +0 battleaxe!!
The naga grabs you. The naga constricts you.
You are too injured to fight recklessly!
You barely miss the naga.
The naga is lightly wounded.
You feel sick.
The quokka bites you but does no damage.
The orc hits you but does no damage. The naga hits you with a +0 battleaxe!!
You die...

##.......###...###..#
.........##....#...##
......#..#...<.....#
..####. #.....#...#
.. #. #........### #
########..#.#.#
...#..........###
..$.)...#....[..#
#....$r@.)#.#..##
##....oN..### ##
#..........#
#...?.........#
#............##
......>.......#
..............#
##..........###


You could see a naga (catching breath), an orc and a quokka.

Vanquished Creatures
  Sigmund (D:4)
  A wyvern (D:5)
  2 black bears
  Blork the orc (D:4)
  A hound (D:5)
  A bullfrog skeleton (D:5)
  Ijyb (D:4)
  An iguana (D:4)
  A scorpion zombie (D:5)
  2 hound skeletons (D:4)
  6 adders
  A white imp (D:5)
  3 worms
  3 orcs
  9 ball pythons
  5 endoplasms
  7 giant cockroaches
  5 goblins
  8 hobgoblins
  2 jackals (D:2)
  A quokka (D:2)
  7 bats
  13 frilled lizards
  2 kobolds (D:2)
  8 rats
92 creatures vanquished.

Vanquished Creatures (others)
  4 plants (D:1)
4 creatures vanquished.

Grand Total: 96 creatures vanquished

Notes
Turn   | Place    | Note
-------+----------+-------------------------------------------
     0 | D:1      | p0werm0de the Palentonga Brigand began the quest for the
                  | Orb.
     0 | D:1      | Reached XP level 1. HP: 17/17 MP: 1/1
   324 | D:1      | Reached skill level 1 in Dodging
   350 | D:1      | Reached XP level 2. HP: 24/24 MP: 2/2
   500 | D:1      | Reached skill level 1 in Armour
  1001 | D:2      | Reached XP level 3. HP: 29/29 MP: 3/3
  1031 | D:2      | Found a faded altar of an unknown god.
  1442 | D:2      | Reached skill level 3 in Fighting
  2065 | D:2      | Reached XP level 4. HP: 37/37 MP: 4/4
  2152 | D:2      | Gained mutation: You have hidden genetic defects. [potion
                  | of mutation]
  2153 | D:2      | Lost mutation: You have hidden genetic defects. [potion of
                  | mutation]
  2153 | D:2      | Gained mutation: You tend to lose your temper in combat.
                  | [potion of mutation]
  3016 | D:4      | Noticed Sigmund
  3223 | D:4      | Killed Sigmund
  3224 | D:4      | Reached skill level 4 in Fighting
  3224 | D:4      | Reached XP level 5. HP: 34/46 MP: 5/5
  3224 | D:4      | Reached XP level 6. HP: 38/52 MP: 6/6
  3330 | D:4      | Found a shadowy altar of Dithmenos.
  3330 | D:4      | Found a shimmering blue altar of Sif Muna.
  3333 | D:4      | Noticed Ijyb
  3362 | D:4      | Killed Ijyb
  3929 | D:4      | Found a bloodstained altar of Trog.
  3963 | D:3      | Reached skill level 1 in Evocations
  4162 | D:4      | Gained mutation: You curl defensively after being hit. (AC
                  | +7*) [Palentonga growth]
  4162 | D:4      | Reached XP level 7. HP: 13/58 MP: 7/7
  4577 | D:4      | Noticed Blork the orc
  4589 | D:4      | Killed Blork the orc
  4590 | D:4      | Reached skill level 5 in Fighting
  5069 | D:5      | Entered Level 5 of the Dungeon
  5069 | D:5      | Noticed a wyvern
  5084 | D:5      | Killed a wyvern
  5085 | D:5      | Reached skill level 1 in Axes
  5893 | D:5      | Slain by a naga

Illustrated notes

Levels and vault maps discovered:
D:1:      lemuel_arrival_muddy, layout_basic, corexii_corridor_pit,
          minmay_lizard_king
D:2:      layout_loops_ring, hellmonk_ecumenical_altar_heavens_door,
          kennysheep_another_room, kennysheep_generic_room_14
D:3:      layout_loops_ring, serial_glass, glass_columns_c, glass_columns_b,
          portal_sewer_entry_e
D:4:      wander_river, layout_cave_pools,
          chequers_temple_overflow_statue_of_worship, trog_ov_bears_minmay,
          hangedman_abyss_or_decor_slice, uniq_sigmund, uniq_ijyb,
          uniq_blork_the_orc
D:5:      layout_cave_pools, makhleb_blood_cavern_becter

Skill      XL: |  1  2  3  4  5  6  7 |
---------------+----------------------+-----
Dodging        | 1 2 |  2.8
Armour         | 1 2 3 4 |  4.0
Fighting       | 3 4 5 |  5.3
Evocations     | 1 2 |  2.5
Axes           | 1 |  1.5
Short Blades   | |  2.0
Throwing       | |  1.3
Stealth        | |  2.6

Action                   |  1- 3 |  4- 6 |  7- 9 || total
-------------------------+-------+-------+-------++-------
Melee: Dagger            |   132 |   199 |    68 ||   399
       Tailslap          |    23 |    12 |    17 ||    52
       Punch             |       |     4 |     1 ||     5
Throw: Dart              |       |     6 |     4 ||    10
Evoke: Wand              |       |       |     1 ||     1
  Use: Scroll            |       |     4 |     1 ||     5
       Potion            |       |     2 |     2 ||     4
 Stab: Sleeping          |     3 |       |       ||     3
Armor: Robe              |    23 |       |       ||    23
       Ring mail         |    29 |    16 |       ||    45
       Chain mail        |       |   125 |    40 ||   165
       Skin              |       |    14 |       ||    14
Dodge: Dodged            |    55 |    65 |    14 ||   134
